Map: Ever Dream LE

Players

SortOf

  • Race: Zerg Zerg
  • League: Grandmaster
  • Spawn Location: 7:00

Vanya - Winner!

  • Race: Zerg Zerg
  • League: Grandmaster
  • Spawn Location: 1:00

Event: DreamHack SC2 Masters 2020 Summer Europe

VOD

Have the link to the VOD?

Description

Time

  • Played on: June 26, 2020, 1:29 p.m.
  • Length: 3:31

All games in this series

Show
View Real Time Build Order
Export as new Build Order

SortOf Zerg 

Build Orders: Hatch First 

Get SALT Encoding   

  12  0:00  Drone  
  13  0:12  Overlord  
  13  0:18  Drone  
  14  0:31  Drone x2  
  16  0:47  Hatchery  
  15  0:50  Drone  
  15  0:54  Drone  
  17  0:57  Drone  
  18  1:11  Spawning Pool  
  17  1:12  Extractor  
  17  1:15  Drone  
  17  1:20  Drone  
  18  1:29  Drone  
  19  1:37  Evolution Chamber  
  19  1:39  Hatchery  
  18  1:43  Evolution Chamber  
  18  1:45  Hatchery  
  17  1:58  Zergling x4  
  20  2:01  Spine Crawler  
  20  2:03  Zergling x2  
  21  2:15  Queen, Spine Crawler  
  20  2:16  Spine Crawler  
  20  2:17  Zergling x2  
  20  2:51  Zergling x2  
  21  2:58  Zergling x2  
Show
View Real Time Build Order
Export as new Build Order

Vanya Zerg - Winner!

Build Orders: Pool Only 

Get SALT Encoding   

  12  0:17  Spawning Pool  
  11  0:22  Drone  
  11  0:26  Drone  
  13  0:31  Drone  
  14  0:40  Overlord  
  14  1:04  Zergling x4  
  16  1:05  Zergling x2  
  17  1:16  Zergling x2  
  18  1:26  Zergling x2  
  19  1:37  Zergling x2  
  20  1:48  Zergling x2  
  21  1:58  Spine Crawler  
  20  2:03  Spine Crawler x2  
  18  2:20  Zergling x2  
  19  2:36  Zergling x2  
  19  2:56  Zergling x2  
  18  3:09  Zergling x2  
Tags
 
Add a new tag
Caveats
  • Supply blocks, unpowered buildings, or Contaminate may cause inaccurate times.
  • Supply counts are checked every 10 seconds.